 Dungeon Crawl Stone Soup version 0.26.0-10-g1f06aea511 (webtiles) character file.

Game seed: 7492231567771301821

778842 ChickenMitten the Axe Maniac (level 27, -4/249 HPs)
             Began as a Formicid Fighter on Jan 23, 2021.
             Was the Champion of Jiyva.
             Slain by an Orb Guardian (10 damage)
             ... on level 5 of the Realm of Zot on Jan 25, 2021.
             The game lasted 04:36:21 (92058 turns).

ChickenMitten the Axe Maniac (Formicid Fighter)    Turns: 92058, Time: 04:36:22

Health: -4/249     AC: 46    Str: 36    XL:     27
Magic:  57/57      EV:  6    Int: 11    God:    Jiyva [******]
Gold:   8190       SH:  0    Dex: 12    Spells: 69/69 levels left

rFire    + + +     SeeInvis +   Z - +9 executioner's axe (flame)
rCold    + + .     Faith    .   d - +2 tower shield of Greed {rC+}
rNeg     + + .     Spirit   .   j - +8 gold dragon scales
rPois    +         Reflect  .   (helmet unavailable)
rElec    +         Harm     .   t - +2 cloak of Defiance {+Fly rElec rF++ rCorr}
rCorr    +         Rampage  .   m - +2 pair of gloves {Str+3}
Will     ++++.                  h - +2 pair of boots
Stlth    ..........             Q - amulet of regeneration
HPRegen  0.91/turn              u - ring of Yqoump {rN+ MP+9 Str+4 Dex-2}
MPRegen  0.35/turn              s - ring "Naif Ughouda" {rN+ Will+ AC+4 Stlth+}

@: marked, very slightly contaminated, held, studying 2 skills, invisible
A: permanent stasis, dig shafts and tunnels, four strong arms, antennae 3,
hooves 1, agile 1, blurry vision 1, strong-willed 1, poison resistance, eyeballs
1, gelatinous body 1, pseudopods 3, jelly sensing items, MP-powered wands
}: 3/15 runes: decaying, silver, gossamer
a: Dig, Shaft Self, Renounce Religion, Evoke Flight, Request Jelly, Slimify,
Cure Bad Mutation


You were on level 5 of the Realm of Zot.
You worshipped Jiyva.
Jiyva was exalted by your worship.
You visited 11 branches of the dungeon, and saw 51 of its levels.
You visited the Abyss 3 times.
You also visited: Ossuary and Ice Cave.

You collected 31780 gold pieces.
You spent 8661 gold pieces at shops.
You paid 14929 gold pieces to Gozag.

Inventory:

Hand Weapons
 H - the +8 great mace "Taext" {vorpal, +Rage Will+}
   (You found it on level 2 of the Swamp)

   It inflicts extra damage upon your enemies.
   It affects your willpower, your defense against some magical effects.
   It lets you go berserk.
 Z - a +9 executioner's axe of flaming (weapon)
Armour
 c - the +7 chain mail of Lethargy {rF- rN+++ Str-4}
   (You bought it in a shop on level 2 of the Lair of Beasts)

   It affects your strength (-4).
   It makes you vulnerable to fire.
   It renders you almost immune to negative energy.
 d - the +2 tower shield of Greed (worn) {rC+}
   (You bought it in a shop on level 2 of the Orcish Mines)

   It protects you from cold.
 h - a +2 pair of boots (worn)
 j - +8 gold dragon scales (worn)
 m - a +2 pair of gloves of strength (worn)
 t - the +2 cloak of Defiance (worn) {+Fly rElec rF++ rCorr}
   (You bought it in a shop on level 1 of the Lair of Beasts)

   It greatly protects you from fire.
   It insulates you from electricity.
   It lets you fly.
   It provides partial protection from all sources of acid and corrosion.
Jewellery
 s - the ring "Naif Ughouda" (right hand) {rN+ Will+ AC+4 Stlth+}
   (You found it on level 5 of the Lair of Beasts)

   [ring of protection]

   It affects your AC (+4).
   It protects you from negative energy.
   It affects your willpower, your defense against some magical effects.
   It makes you more stealthy.
 u - the ring of Yqoump (left hand) {rN+ MP+9 Str+4 Dex-2}
   (You found it on level 4 of the Depths)

   [ring of magical power]

   It affects your strength (+4).
   It affects your dexterity (-2).
   It protects you from negative energy.
   It affects your magic capacity (+9).
 D - an uncursed amulet of guardian spirit
 K - the amulet "Nykuekeo" {Faith Slay+6 SInv, unknown}
   (You found it on level 3 of the Elven Halls)

   [amulet of faith]

   It allows you to gain divine favour quickly.
   It affects your accuracy and damage with ranged weapons and melee attacks
   (+6).
   It lets you see invisible.
 P - the ring "Kummorch" {*Contam rPois rF+ Will+ Str+4}
   (You bought it in a shop on level 1 of the Lair of Beasts)

   [ring of willpower]

   It affects your strength (+4).
   It protects you from fire.
   It protects you from poison.
   It affects your willpower, your defense against some magical effects.
   It causes magical contamination when unequipped.
 Q - an amulet of regeneration (around neck)
 V - the ring of Qime Diatyhe {*Tele +Fly rF+ Will+ Int-5}
   (You found it on level 3 of the Elven Halls)

   [ring of teleportation]

   It may teleport you next to monsters.
   It affects your intelligence (-5).
   It protects you from fire.
   It affects your willpower, your defense against some magical effects.
   It lets you fly.
 Y - an uncursed amulet of reflection
Wands
 e - a wand of digging (11)
 F - a wand of enslavement (9)
 N - a wand of polymorph (43)
 W - a wand of iceblast (39)
 X - a wand of flame (9)
Scrolls
 f - 7 scrolls of summoning
 i - 12 scrolls of fog
 p - 9 scrolls of fear
 r - 12 scrolls of enchant weapon
 B - 12 scrolls of amnesia
 M - 28 scrolls of identify
 O - 9 scrolls of silence
 S - 2 scrolls of holy word
 T - 12 scrolls of magic mapping
 U - 31 scrolls of remove curse
Potions
 a - 12 potions of might
 b - 2 potions of invisibility
 g - 11 potions of magic
 n - 10 potions of flight
 q - 4 potions of heal wounds
 w - 7 potions of cancellation
 z - 4 potions of brilliance
 A - 15 potions of curing
 E - 12 potions of lignification
 I - 4 potions of resistance
 L - 10 potions of ambrosia
Books
 k - a manual of Throwing
 R - a manual of Maces & Flails
Miscellaneous
 l - a phantom mirror
 o - a phantom mirror
 v - a phantom mirror
 x - a lightning rod (4/4)
 y - a phantom mirror
 C - a phantom mirror
 G - a phantom mirror
 J - a lightning rod (4/4)


   Skills:
 O Level 27 Fighting
 - Level 0.7(1.0) Short Blades
 - Level 0.8(1.0) Long Blades
 O Level 27 Axes
 - Level 0.5 Staves
 - Level 0.6 Slings
 - Level 0.3 Bows
 - Level 0.6 Crossbows
 O Level 27 Armour
 O Level 27 Shields
 * Level 21.7 Spellcasting
 - Level 0.4 Conjurations
 - Level 1.0 Hexes
 - Level 0.8 Summonings
 - Level 0.8 Necromancy
 - Level 0.5 Translocations
 - Level 0.7 Transmutations
 - Level 0.5 Fire Magic
 - Level 0.6 Ice Magic
 - Level 0.4 Air Magic
 - Level 1.0 Earth Magic
 - Level 1.0 Poison Magic
 - Level 0.9 Invocations
 - Level 0.6 Evocations


You had 69 spell levels left.
You didn't know any spells.
Your spell library contained the following spells:

 Spells                   Type           Power        Failure   Level
 Corona                   Hex            15%          10%         1
 Animate Skeleton         Necr           26%          11%         1
 Pain                     Necr           52%          11%         1
 Sandblast                Erth           28%          11%         1
 Sting                    Tmut/Pois      52%          11%         1
 Summon Small Mammal      Summ           52%          11%         1
 Apportation              Tloc           26%          12%         1
 Beastly Appendage        Tmut           26%          12%         1
 Freeze                   Ice            52%          12%         1
 Foxfire                  Conj/Fire      52%          13%         1
 Magic Dart               Conj           48%          13%         1
 Shock                    Conj/Air       48%          13%         1
 Slow                     Hex            14%          16%         2
 Call Imp                 Summ           13%          17%         2
 Ensorcelled Hibernation  Hex/Ice        26%          17%         2
 Passwall                 Tmut/Erth      10%          17%         2
 Poisonous Vapours        Pois/Air       26%          17%         2
 Sublimation of Blood     Necr           6%           17%         2
 Wereblood                Tmut           13%          17%         2
 Corpse Rot               Necr/Air       N/A          19%         2
 Searing Ray              Conj           24%          21%         2
 Confusing Touch          Hex            14%          30%         3
 Tukima's Dance           Hex            14%          30%         3
 Call Canine Familiar     Summ           13%          32%         3
 Inner Flame              Hex/Fire       13%          32%         3
 Portal Projectile        Hex/Tloc       26%          32%         3
 Spider Form              Tmut/Pois      6%           32%         3
 Summon Guardian Golem    Hex/Summ       14%          32%         3
 Vampiric Draining        Necr           6%           32%         3
 Dazzling Flash           Conj/Hex       26%          34%         3
 Frozen Ramparts          Ice            26%          34%         3
 Ignite Poison            Fire/Tmut/Pois 13%          34%         3
 Mephitic Cloud           Conj/Pois/Air  13%          34%         3
 Ozocubu's Armour         Ice            13%          34%         3
 Conjure Flame            Conj/Fire      13%          36%         3
 Gell's Gravitas          Tloc           6%           36%         3
 Lesser Beckoning         Tloc           6%           36%         3
 Static Discharge         Conj/Air       12%          36%         3
 Cause Fear               Hex            7%           69%         4
 Olgreb's Toxic Radiance  Pois           14%          69%         4
 Leda's Liquefaction      Hex/Erth       7%           71%         4
 Animate Dead             Necr           6%           73%         4
 Dispel Undead            Necr           13%          73%         4
 Petrify                  Tmut/Erth      13%          73%         4
 Fulminant Prism          Conj/Hex       6%           75%         4
 Ice Form                 Ice/Tmut       13%          75%         4
 Summon Ice Beast         Ice/Summ       13%          75%         4
 Hailstorm                Conj/Ice       13%          77%         4
 Iskenderun's Mystic Bla  Conj/Tloc      13%          77%         4
 Passage of Golubria      Tloc           N/A          77%         4
 Summon Lightning Spire   Summ/Air       13%          77%         4
 Airstrike                Air            6%           78%         4
 Alistair's Intoxication  Tmut/Pois      8%           96%         5
 Borgnjor's Vile Clutch   Necr/Erth      7%           96%         5
 Lee's Rapid Deconstruct  Erth           7%           96%         5
 Yara's Violent Unravell  Hex/Tmut       6%           96%         5
 Agony                    Necr           13%          97%         5
 Blade Hands              Tmut           6%           97%         5
 Excruciating Wounds      Necr           6%           97%         5
 Metabolic Englaciation   Hex/Ice        6%           97%         5
 Silence                  Hex/Air        6%           97%         5
 Fireball                 Conj/Fire      6%           98%         5
 Irradiate                Conj/Tmut      6%           98%         5
 Lightning Bolt           Conj/Air       6%           98%         5
 Eringya's Noxious Bog    Tmut/Pois      6%           100%        6
 Freezing Cloud           Conj/Ice/Air   6%           100%        6
 Hydra Form               Tmut           6%           100%        6
 Invisibility             Hex            14%          100%        6
 Ozocubu's Refrigeration  Ice            6%           100%        6
 Shadow Creatures         Summ           N/A          100%        6
 Simulacrum               Ice/Necr       6%           100%        6
 Starburst                Conj/Fire      6%           100%        6
 Statue Form              Tmut/Erth      8%           100%        6
 Dragon Form              Tmut           6%           100%        7
 Chain Lightning          Conj/Air       6%           100%        8
 Discord                  Hex            7%           100%        8
 Ignition                 Fire           6%           100%        8
 Lehudib's Crystal Spear  Conj/Erth      6%           100%        8
 Absolute Zero            Ice            6%           100%        9
 Dragon's Call            Summ           6%           100%        9
 Fire Storm               Conj/Fire      6%           100%        9
 Shatter                  Erth           7%           100%        9
 Tornado                  Air            6%           100%        9
 Blink                    Tloc           Unusable     N/A         2
 Swiftness                Air            Unusable     N/A         2

Dungeon Overview and Level Annotations

Branches:
Dungeon (15/15)            Temple (1/1) D:4            Lair (6/6) D:11
  Swamp (4/4) Lair:3       Spider (4/4) Lair:2        Slime (1/5) Lair:5
    Orc (2/2) D:10            Elf (3/3) Orc:2        Vaults (5/5) D:14
  Crypt (0/3) Vaults:2     Depths (5/5) D:15            Zot (5/5) Depths:5
Ossuary (visited)           IceCv (visited)

Altars:
Ashenzari
Cheibriados
Dithmenos
Elyvilon
Gozag
Kikubaaqudgha
Makhleb
Nemelex Xobeh
Okawaru
Ru
Sif Muna
Trog
Uskayaw
Vehumet
Wu Jian
Xom
Yredelemnul
Zin
Beogh
Jiyva

Shops:
D:6 =(   D:11 :?   D:15 :   Orc:1 !   Orc:2 ![![:   Elf:3 (   Lair:1 [=
Lair:2 [   Lair:3 [   Vaults:2 *   Vaults:4 [   Depths:1 [[!*   Depths:4 ?

Portals:
Hell: Depths:1 Depths:2 Depths:3 Depths:4 Depths:5
Abyss: Elf:1 Depths:1 Depths:4 Depths:5
Pandemonium: Depths:1 Depths:3
Ziggurat: Depths:1

Annotations:
D:10 exclusion: obsidian statue
Lair:2 exclusion: oklob plant
Elf:2 1 runed translucent door
Vaults:2 exclusion: obsidian statue


Innate Abilities, Weirdness & Mutations

You cannot be hasted, slowed, berserked, paralysed or teleported.
You can dig through walls and to a lower floor.
Your four strong arms can wield two-handed weapons with a shield.
You have a pair of large antennae on your head. (SInv)
You have large cloven feet.
You are agile. (Dex +2)
Scrolls take you a little longer to read.
You are strong-willed. (Will+)
Your system is resistant to poisons. (rPois)
Your body has grown golden eyes which may confuse attackers. (Acc +3)
Your rubbery body absorbs attacks. (AC +1, EV +1)
Armour fits poorly on your massive pseudopods.
You have a small jelly attached to you that senses nearby items.
You expend magic power (3 MP) to strengthen your wands.


Message History

The Orb Guardian is almost dead.
You slice the ancient lich!! You burn the ancient lich.
You block the Orb Guardian's attack.
A Killer Klown comes into view.
It is wielding a +8 club of electrocution.
The ancient lich drops a net on you.
You become entangled in the net!
An Orb Guardian comes into view.
The Orb Guardian hits you but does no damage.
You struggle against the net.
The Orb Guardian hits you!!
* * * LOW HITPOINT WARNING * * *
The ancient lich mumbles some strange words.
The ancient lich seems to speed up.
The Killer Klown blinks!
A Killer Klown comes into view. It is wielding a +11 club of venom.
The electric golem blinks!
The Orb Guardian hits you but does no damage.
An Orb Guardian comes into view.
The Orb Guardian completely misses you.
You struggle against the net.
The ancient lich touches you but does no damage.
The Orb Guardian hits you!
You die... ∆ ▓▓▓▓▓▓▓▓▓▓# XXXdLXL@X*###

.^X.Xd##X...##
....X{{###XX.###########
.... {{ ##..p°○.....^..
... ##p.z.○....... .§
#..p......... . {
##..)........
#...........
##...........


You could see an orb of fire, 3 Killer Klowns, 2 ancient liches, a black
draconian, a purple draconian, a curse toe and 11 Orb Guardians.

Vanquished Creatures
  3 orbs of fire (Zot:1)
  An ancient lich (Abyss:2)
  The ghost of Beuseq the Timeless, a master GnFi of Cheibriados (Zot:1)
  Sojobo (Vaults:4)
  A Killer Klown (Zot:2)
  18 golden dragons
  Nikola (Depths:1)
  Jory (Vaults:2)
  3 curse toes
  3 profane servitors
  12 bone dragons
  The ghost of Pikuto the Slayer, an adept MiBe of Trog (Depths:4)
  3 hellephants (Abyss:1)
  3 electric golems (Zot:1)
  19 tentacled monstrosities
  12 liches
  An iron giant (Depths:4)
  Jorgrun (Elf:1)
  10 quicksilver dragons
  6 Orb Guardians (Zot:5)
  A deep elf master archer (Elf:3)
  A Hell Sentinel (Abyss:1)
  Asterion (Vaults:1)
  A deep elf blademaster (Elf:3)
  5 titans
  3 sphinxes
  13 death cobs
  66 tentacled starspawn
  7 Executioners
  A thorn hunter (Swamp:1)
  The ghost of Himmaryad the Brawler, an adept TrMo of Nemelex Xobeh (Depths:4)
  The ghost of Seileci the Brawler, an adept TrMo of Nemelex Xobeh (Depths:4)
  2 azure jellies (Swamp:4)
  5 storm dragons
  9 shadow dragons
  5 tengu reavers
  Kirke (D:13)
  16 fire giants
  Roxanne (Elf:2)
  7 draconian monks
  The ghost of Yrroulath the Slayer, an adept GrBe of Trog (Swamp:4)
  7 draconian knights
  3 iron dragons
  The ghost of Puq Cuid the Slicer, an adept KoAK of Lugonu (Elf:1)
  3 cacodemons
  9 frost giants
  The ghost of Ykec Esm the Carver, a journeyman DrWn of Ashenzari (Swamp:1)
  8 vault wardens
  9 deep elf sorcerers
  7 draconian shifters
  9 emperor scorpions
  4 balrugs
  Aizul (Depths:1)
  4 ghost moths
  Louise (Depths:1)
  5 deep elf elementalists
  6 draconian scorchers
  2 draconian stormcallers
  8 ironheart preservers
  A war gargoyle (Vaults:5)
  An angel (Abyss:1)
  8 draconian annihilators
  20 very ugly things
  The ghost of xfalz the Thaumaturge, a journeyman GnSk of Ashenzari (Swamp:2)
  3 reapers
  26 stone giants
  3 vampire knights (Depths:3)
  17 black draconians
  7 deep elf demonologists
  13 green draconians
  An entropy weaver (shapeshifter) (Vaults:3)
  9 deep elf annihilators
  2 entropy weavers
  3 bunyips
  13 red draconians
  5 spark wasps
  6 lorocyprocas
  15 purple draconians
  13 white draconians
  10 yellow draconians
  9 ettins
  6 blizzard demons
  Snorg (D:11)
  3 green deaths
  3 eidola
  The ghost of Fycosuor the Destroyer, a journeyman DrCj of Vehumet (Lair:2)
  8 eleionomae
  2 crystal guardians
  A jiangshi (Abyss:1)
  3 deep elf high priests (Elf:3)
  3 deep elf death magi
  5 great orbs of eyes
  A merfolk javelineer (Depths:1)
  12 yaktaur captains
  13 fire dragons
  A quicksilver dragon zombie (Abyss:1)
  17 rakshasas
  22 vault guards
  19 ice dragons
  A hell beast (Depths:3)
  3 spriggan air magi
  2 naga warriors (Abyss:2)
  5 boulder beetles
  14 hydras
  A ghost crab (Swamp:4)
  4 death knights
  9 centaur warriors
  2 spectral eleionomae (Swamp:2)
  18 ogre magi
  26 dancing weapons
  4 alligators
  8 death yaks
  8 deep troll shamans
  53 two-headed ogres
  3 vampire magi
  10 hell hogs
  45 thrashing horrors
  11 deep troll earth magi
  7 tengu warriors
  Nergalle (Orc:2)
  4 spriggan berserkers
  A titan zombie (Depths:1)
  8 spriggans
  21 deep elf knights
  2 soul eaters (Abyss:2)
  2 shadow wraiths
  6 iron trolls
  49 wretched stars
  6 sun demons
  22 spatial maelstroms
  A titan skeleton (Abyss:2)
  22 sixfirhies
  2 torturous demonspawn
  16 hell knights
  36 deep trolls
  A fire crab (shapeshifter) (D:13)
  8 skeletal warriors
  2 storm dragon skeletons
  A ghost moth zombie (Abyss:2)
  A spark wasp zombie (Depths:1)
  7 unseen horrors
  9 swamp dragons
  An unseen horror (shapeshifter) (Abyss:1)
  2 spriggan druids
  8 wizards
  5 glowing orange brains
  A spectral hydra (Swamp:2)
  17 deep elf archers
  8 bog bodies
  12 ironbrand convokers
  2 flayed ghosts
  An anaconda skeleton (Abyss:1)
  2 shadow demons
  A quicksilver dragon simulacrum (Depths:3)
  Pikel (D:3)
  An infernal demonspawn (Depths:3)
  5 lindwurms (Lair:6)
  5 phantasmal warriors
  11 necromancers
  2 oklob plants (Lair:3)
  4 harpies (Vaults:4)
  12 orc knights
  A shadow dragon zombie (Abyss:2)
  36 wolf spiders
  13 orc sorcerers
  A golden dragon skeleton (Abyss:2)
  43 ugly things
  75 deep elf magi
  An orb spider (shapeshifter) (Vaults:4)
  12 cyclopes
  3 fire giant zombies
  10 wolf spider zombies
  8 will-o-the-wisps
  23 orb spiders
  3 salamanders
  A manticore (D:12)
  25 worldbinders
  A stone giant zombie (Abyss:1)
  A moth of wrath (shapeshifter) (Vaults:4)
  2 tengu skeletons
  12 elephants (Lair:6)
  2 salamanders (shapeshifter)
  39 moths of wrath
  An iron dragon skeleton (Abyss:2)
  11 apocalypse crabs
  A stone giant skeleton (Abyss:2)
  A manticore (shapeshifter) (D:15)
  7 black mambas
  A frost giant skeleton (Abyss:3)
  A spriggan zombie (Depths:3)
  7 rust devils
  2 ice statues (IceCv)
  6 torpor snails (Lair:6)
  3 gargoyles (D:12)
  3 guardian serpents
  19 orange demons
  14 vault sentinels
  A cane toad (shapeshifter) (Vaults:1)
  A titan simulacrum (Abyss:1)
  2 guardian serpents (shapeshifter)
  An eye of devastation (shapeshifter) (D:15)
  2 rime drakes (shapeshifter)
  17 cane toads
  46 smoke demons
  5 hellions
  8 rime drakes
  2 kobold demonologists
  37 yaktaurs
  15 efreet
  13 freezing wraiths
  3 tormentors
  19 demonic crawlers
  9 redback zombies (Spider:3)
  14 komodo dragons
  2 bunyip simulacra (Swamp:2)
  A human skeleton (Vaults:3)
  6 hellwings
  3 anaconda simulacra
  5 red devils
  A yaktaur skeleton (Depths:1)
  A golden dragon simulacrum (Abyss:1)
  2 ice devils (Abyss:2)
  48 ancient zymes
  A komodo dragon (shapeshifter) (Vaults:2)
  A queen bee (shapeshifter) (Abyss:1)
  A bloated husk (Swamp:2)
  6 tengu conjurers
  13 trolls
  A wolf spider simulacrum (Abyss:1)
  2 hornets (shapeshifter)
  A troll (shapeshifter) (Vaults:2)
  24 jumping spiders
  13 tarantella zombies (Spider:3)
  14 tyrant leeches
  113 raiju
  The ghost of Dracia the Spear-Bearer, an amateur MfGl (D:4)
  6 dream sheep (Lair:6)
  A hydra zombie (Abyss:2)
  A snapping turtle (shapeshifter) (Abyss:2)
  18 blink frogs
  14 slime creatures
  Prince Ribbit (D:6)
  2 blink frogs (shapeshifter)
  22 hornets
  122 large abominations
  34 flying skulls
  2 frost giant simulacra
  242 starcursed masses
  A redback (shapeshifter) (Abyss:2)
  2 air elementals (Elf:3)
  A spectral tyrant leech (Swamp:2)
  5 shadows
  6 water elementals
  An ettin skeleton (Abyss:1)
  66 redbacks
  A spriggan (shapeshifter) (Vaults:1)
  A tarantella (shapeshifter) (Elf:1)
  4 wyverns
  2 vampires
  A yak (shapeshifter) (Abyss:1)
  25 tarantellas
  9 wraiths
  27 ynoxinuls
  3 fire elementals
  3 hogs (D:13)
  6 basilisks
  28 chaos spawn
  10 fire bats
  47 yaks
  11 golden eyes (Abyss:2)
  A golden eye (shapeshifter) (Depths:3)
  A hog (shapeshifter) (Abyss:2)
  7 vampire mosquitoes
  A basilisk (shapeshifter) (Vaults:3)
  5 swamp worm simulacra (Swamp:4)
  25 neqoxecs
  A black draconian simulacrum (Abyss:2)
  18 swamp worms
  A yaktaur simulacrum (Vaults:2)
  35 spatial vortices
  3 soldier ants
  Edmund (D:4)
  3 nagas (Abyss:2)
  2 wargs (Orc:1)
  20 water moccasins
  A floating eye (Depths:3)
  17 hydra simulacra
  4 acid dragons
  22 hell hounds
  2 phantoms
  2 black bears (shapeshifter)
  2 swamp drakes
  4 sky beasts
  34 orc warriors
  20 ice beasts
  3 black bears
  A necrophage (D:12)
  An alligator simulacrum (Swamp:2)
  An eye of draining (Abyss:1)
  49 ogres
  A boulder beetle simulacrum (Vaults:3)
  18 centaurs
  17 boggarts
  10 wolves
  An elf skeleton (Vaults:3)
  3 snapping turtle skeletons
  A lemure (D:3)
  6 big kobolds
  2 elf zombies (Ossuary)
  20 bullfrogs
  A gnoll sergeant (D:10)
  6 earth elementals
  A glowing shapeshifter simulacrum (Depths:3)
  A wyvern zombie (D:13)
  4 scorpions
  A manticore simulacrum (Abyss:2)
  22 killer bees
  A swamp dragon simulacrum (Swamp:2)
  15 wights
  4 electric eels
  9 howler monkeys
  A rime drake simulacrum (Lair:5)
  148 small abominations
  A crimson imp (Abyss:2)
  3 centaur zombies
  7 hounds
  30 quasits
  3 bullfrog skeletons
  3 bullfrog zombies
  39 orc wizards
  6 centaur skeletons
  4 jellies
  4 human zombies
  43 orc priests
  16 iron imps
  2 iguanas
  11 worker ants
  A bullfrog simulacrum (Lair:5)
  2 mummies (Ossuary)
  Robin (D:4)
  2 worker ant zombies (D:11)
  11 gnolls
  12 adders
  4 shadow imps
  24 white imps
  30 ufetubi
  2 oozes
  3 swamp drake simulacra (Swamp:4)
  An adder zombie (Ossuary)
  An adder skeleton (D:4)
  2 worms
  3 leopard geckos
  119 orcs
  9 bats
  2 giant cockroaches (D:7)
  13 goblins
  5 hobgoblins
  11 jackals
  4 quokkas
  3 frilled lizards (D:2)
  A goblin zombie (Ossuary)
  10 hobgoblin zombies (Ossuary)
  4 jackal zombies
  18 kobolds
  6 kobold zombies (Ossuary)
  11 orc zombies (Ossuary)
  9 rats
  A rat zombie (Ossuary)
  A bush (Lair:5)
  A butterfly (Lair:4)
  4 lurking horrors (Abyss:1)
  79 starspawn tentacles
3938 creatures vanquished.

Vanquished Creatures (collateral kills)
  A curse toe (Zot:3)
  A lich (Abyss:1)
  A tentacled monstrosity (Vaults:5)
  A titan (Vaults:5)
  A shadow dragon (Vaults:5)
  A tengu reaver (Vaults:5)
  A storm dragon (Vaults:5)
  3 vault wardens (Vaults:5)
  A fire giant (Vaults:5)
  A frost giant (Vaults:5)
  A stone giant (Vaults:5)
  A deep elf annihilator (Vaults:5)
  A green death (Abyss:1)
  An ettin (Vaults:5)
  A deep elf death mage (Vaults:5)
  2 yaktaur captains (Vaults:5)
  A deep elf high priest (Vaults:5)
  An ice dragon (Vaults:5)
  4 vault guards (Vaults:5)
  An ogre mage (Vaults:5)
  4 two-headed ogres (Vaults:5)
  2 deep elf knights (Vaults:5)
  A sea snake (shapeshifter) (Vaults:5)
  2 deep trolls (Vaults:5)
  An ironbrand convoker (Vaults:5)
  2 deep elf archers (Vaults:5)
  A deep elf mage (Vaults:5)
  A smoke demon (Abyss:1)
  A freezing wraith (Vaults:5)
  A ynoxinul (Abyss:1)
  An orc priest (Vaults:5)
  A starspawn tentacle (Abyss:1)
44 creatures vanquished.

Vanquished Creatures (others)
  Margery (Vaults:5)
  Saint Roka (Vaults:5)
  Xtahua (Vaults:5)
  A tentacled monstrosity (Vaults:5)
  3 titans (Vaults:5)
  2 quicksilver dragons
  2 acid blobs (Abyss:1)
  A tengu reaver (Vaults:5)
  2 frost giants (Vaults:5)
  A fenstrider witch (Swamp:4)
  A fire giant (Vaults:5)
  A ghost moth (shapeshifter) (Vaults:5)
  A draconian knight (Zot:2)
  4 vault wardens (Vaults:5)
  A ghost moth (Abyss:1)
  2 ironheart preservers (Vaults:5)
  A deep elf elementalist (Vaults:5)
  A war gargoyle (Vaults:5)
  6 stone giants (Vaults:5)
  2 black draconians (Zot:3)
  A deep elf demonologist (Vaults:5)
  2 ettins
  5 deep elf high priests (Vaults:5)
  10 great orbs of eyes
  A vault guard (Vaults:5)
  A ghost crab (Swamp:4)
  An ice dragon (Vaults:5)
  An ogre mage (Vaults:5)
  2 two-headed ogres (Vaults:5)
  An anaconda (Abyss:1)
  A dancing weapon (Elf:3)
  A thrashing horror (Abyss:2)
  A deep troll (Vaults:5)
  A deep elf knight (Vaults:5)
  6 hell knights (Vaults:5)
  10 glowing orange brains
  An ironbrand convoker (Vaults:5)
  A bog body (Swamp:4)
  3 deep elf archers (Vaults:5)
  A necromancer (Vaults:5)
  6 deep elf magi
  A shining eye (shapeshifter) (Abyss:2)
  2 orb spiders
  A frost giant zombie (Abyss:2)
  2 shining eyes
  An eye of devastation (Abyss:2)
  7 vault sentinels (Vaults:5)
  An eye of devastation (shapeshifter) (Vaults:5)
  A hellion (Abyss:2)
  A demonic crawler (Abyss:1)
  An efreet (Abyss:2)
  6 yaktaurs
  A hellwing (Abyss:2)
  An ancient zyme (Abyss:2)
  A hornet (Swamp:4)
  2 merfolk (Abyss:1)
  3 raiju (Abyss:2)
  A blink frog (shapeshifter) (Abyss:2)
  A blink frog (Abyss:2)
  A redback (Abyss:1)
  3 ynoxinuls (Abyss:2)
  33 golden eyes
  2 large abominations (Abyss:2)
  A golden eye (shapeshifter) (Elf:1)
  13 small abominations
  A swamp worm (Swamp:4)
  A floating eye (shapeshifter) (Abyss:1)
  A hell hound (Abyss:1)
  4 orc warriors (Vaults:5)
  A sky beast (Abyss:2)
  9 eyes of draining
  2 boggarts
  6 ogres
  A centaur (D:14)
  2 wights (Abyss:1)
  A starcursed mass (Abyss:1)
  311 jellies
  6 quasits
  2 orc priests (Vaults:5)
  5 iron imps
  An adder (shapeshifter) (Depths:4)
  3 white imps (Abyss:1)
  7 ufetubi
  7 orcs (Vaults:5)
  A kobold (D:11)
  2 briar patches (Swamp:1)
  36 foxfires
  28 fungi
  10 lurking horrors
  88 plants
  105 starspawn tentacles
820 creatures vanquished.

Grand Total: 4802 creatures vanquished

Notes
Turn   | Place    | Note
-------+----------+-------------------------------------------
     0 | D:1      | ChickenMitten the Formicid Fighter began the quest for the
                  | Orb.
     0 | D:1      | Reached XP level 1. HP: 18/18 MP: 1/1
   320 | D:1      | Reached XP level 2. HP: 23/24 MP: 2/2
   989 | D:2      | Reached XP level 3. HP: 29/29 MP: 3/3
  1370 | D:2      | Reached XP level 4. HP: 28/37 MP: 4/4
  2281 | D:2      | Reached XP level 5. HP: 33/42 MP: 5/5
  2945 | D:3      | Reached XP level 6. HP: 48/48 MP: 6/6
  3601 | D:4      | Noticed Pikel
  3765 | D:4      | Noticed an ogre
  3825 | D:3      | HP: 2/49 [Pikel/+2 whip of freezing (6)]
  3826 | D:3      | Killed Pikel
  3827 | D:3      | Reached skill level 5 in Fighting
  3827 | D:3      | Reached skill level 5 in Axes
  3827 | D:3      | Reached skill level 5 in Armour
  3827 | D:3      | Reached skill level 5 in Shields
  3827 | D:3      | Reached XP level 7. HP: 1/56 MP: 7/7
  3827 | D:3      | Reached XP level 8. HP: 2/62 MP: 8/8
  4138 | D:4      | Noticed Edmund
  4211 | D:4      | Found a staircase to the Ecumenical Temple.
  4215 | Temple   | Entered the Ecumenical Temple
  4224 | Temple   | Became a worshipper of Gozag Ym Sagoz the Greedy
  4251 | D:5      | Entered Level 5 of the Dungeon
  4386 | D:5      | Found a broken altar of Ashenzari.
  4416 | D:5      | Got a faintly glowing dagger
  4432 | D:5      | Found a sand-covered staircase.
  4441 | Ossuary  | Entered an ossuary
  5704 | D:6      | Found Zufol Ijoer's Jewellery Shoppe.
  5987 | D:6      | Reached XP level 9. HP: 67/69 MP: 9/9
  6174 | D:6      | Found a white marble altar of Elyvilon.
  6191 | D:6      | Noticed Prince Ribbit
  6712 | D:6      | Killed Prince Ribbit
  7620 | D:4      | Noticed Robin
  7625 | D:4      | Killed Robin
  7649 | D:4      | Killed Edmund
  8040 | D:4      | Found a runed translucent door.
  8231 | D:4      | Noticed Dracia's ghost (amateur MfGl)
  8242 | D:4      | Killed Dracia's ghost
  8377 | D:6      | Bought a +6 ring of strength for 702 gold pieces
  9181 | D:8      | Reached XP level 10. HP: 77/77 MP: 10/10
  9187 | D:8      | Noticed a two-headed ogre
 10182 | D:9      | Noticed a two-headed ogre
 10189 | D:9      | Killed a two-headed ogre
 11237 | D:7      | Killed a two-headed ogre
 11238 | D:7      | Reached skill level 10 in Shields
 11238 | D:7      | Reached XP level 11. HP: 87/87 MP: 11/11
 11316 | D:10     | Entered Level 10 of the Dungeon
 12188 | D:10     | Noticed an unseen horror
 12215 | D:10     | Killed an unseen horror
 12609 | D:10     | Noticed an obsidian statue
 12697 | D:10     | Identified the +4 hunting sling "Ivimni Qaybe" {vorpal,
                  | rN++ Str-4 Dex+4}
 13101 | D:10     | Found a staircase to the Orcish Mines.
 13295 | D:6      | Bought an uncursed amulet of reflection for 360 gold pieces
 13404 | Orc:1    | Entered Level 1 of the Orcish Mines
 13519 | Orc:1    | Found Xilat Kio's Distillery.
 13687 | D:6      | Bought a glowing executioner's axe for 286 gold pieces
 13825 | Orc:1    | Noticed an orc sorcerer
 13827 | Orc:1    | Noticed a sun demon
 13861 | Orc:1    | Noticed a soul eater
 13867 | Orc:1    | Killed an orc sorcerer
 14107 | Orc:1    | Noticed a cyclops
 14214 | Orc:1    | Killed a cyclops
 14238 | Orc:1    | Bought a potion of might for 40 gold pieces
 14238 | Orc:1    | Bought a potion of might for 40 gold pieces
 14238 | Orc:1    | Bought a potion of curing for 30 gold pieces
 14238 | Orc:1    | Bought a potion of curing for 30 gold pieces
 14260 | Orc:1    | Identified a scroll of acquirement
 14264 | Orc:1    | Acquired 585 gold pieces
 14299 | Orc:1    | Noticed a cyclops
 14301 | Orc:1    | Killed a cyclops
 14302 | Orc:1    | Reached XP level 12. HP: 96/96 MP: 12/12
 14328 | Orc:1    | Reached skill level 10 in Axes
 14892 | Orc:2    | Entered Level 2 of the Orcish Mines
 14892 | Orc:2    | Found a staircase to the Elven Halls.
 15064 | Orc:2    | Noticed a stone giant
 15309 | Orc:2    | Killed a stone giant
 16029 | Orc:1    | Reached skill level 10 in Fighting
 16221 | Orc:2    | Found a roughly hewn altar of Beogh.
 16601 | Orc:2    | Found an ancient bone altar of Kikubaaqudgha.
 16601 | Orc:2    | Noticed Nergalle
 16607 | Orc:2    | Noticed an ogre mage
 16620 | Orc:2    | Killed an ogre mage
 16621 | Orc:2    | Reached skill level 10 in Armour
 16621 | Orc:2    | Reached XP level 13. HP: 103/103 MP: 13/13
 16628 | Orc:2    | Killed Nergalle
 16666 | Orc:2    | Found Berapyuch's Distillery.
 16703 | Orc:2    | Found a radiant altar of Vehumet.
 16704 | Orc:2    | Noticed an ogre mage
 16718 | Orc:2    | Killed an ogre mage
 16748 | Orc:2    | Bought a potion of invisibility for 96 gold pieces
 16882 | Orc:2    | Found a roughly hewn altar of Beogh.
 16883 | Orc:2    | Found Oreen's Distillery.
 17218 | Orc:2    | Found Momilet's Book Boutique.
 17227 | Orc:2    | Found Kiadd's Antique Armour Boutique.
 17545 | Orc:2    | Bought a shiny plate armour for 754 gold pieces
 17545 | Orc:2    | Bought a bloodstained tower shield for 275 gold pieces
 17555 | Orc:2    | Identified the +2 tower shield of Greed {rC+} (You bought
                  | it in a shop on level 2 of the Orcish Mines)
 17741 | D:11     | Found Walopn's Magic Scroll Shop.
 17746 | D:11     | Bought a scroll of identify for 24 gold pieces
 17746 | D:11     | Bought a scroll of identify for 24 gold pieces
 17824 | D:11     | Noticed a boulder beetle
 17866 | D:11     | Killed a boulder beetle
 18088 | D:11     | Found Zayluhe's Book Emporium.
 18464 | D:11     | Noticed Snorg
 18471 | D:11     | Killed Snorg
 18827 | D:11     | Found a staircase to the Lair.
 18834 | Lair:1   | Entered Level 1 of the Lair of Beasts
 18905 | Lair:1   | Found a frozen archway.
 18914 | IceCv    | Entered an ice cave
 19220 | IceCv    | Noticed an ice dragon
 19220 | IceCv    | Noticed an ice dragon
 19228 | IceCv    | Killed an ice dragon
 19235 | IceCv    | Killed an ice dragon
 19826 | Lair:1   | Reached XP level 14. HP: 111/111 MP: 14/14
 20608 | Lair:2   | Found a runed translucent gate.
 20609 | Lair:2   | Found a runed translucent gate.
 20610 | Lair:2   | Found a runed translucent gate.
 20611 | Lair:2   | Noticed Fycosuor's ghost (journeyman DrCj)
 20624 | Lair:2   | Reached skill level 15 in Axes
 20698 | Lair:2   | Found a hole to the Spider Nest.
 21046 | Lair:2   | Killed Fycosuor's ghost
 21295 | D:11     | Bought a manual of Armour for 1545 gold pieces
 22208 | Lair:3   | Found a staircase to the Swamp.
 22847 | Lair:4   | Reached skill level 15 in Armour
 23565 | Lair:4   | Reached XP level 15. HP: 112/117 MP: 15/15
 24052 | Lair:5   | Found a transporter.
 24173 | Lair:5   | Found a transporter.
 24678 | Lair:5   | Found a viscous altar of Jiyva.
 24678 | Lair:5   | Found a staircase to the Slime Pits.
 24744 | Lair:6   | Entered Level 6 of the Lair of Beasts
 26346 | Lair:6   | Reached skill level 15 in Shields
 26351 | Lair:6   | Reached XP level 16. HP: 96/125 MP: 16/16
 26695 | Lair:6   | Found a runed translucent door.
 27569 | Swamp:1  | Entered Level 1 of the Swamp
 27609 | Lair:3   | Gained mutation: Scrolls take you a little longer to read.
                  | [potion of mutation]
 27609 | Lair:3   | Gained mutation: Your movements are slightly less
                  | encumbered by armour. (ER -2) [potion of mutation]
 27609 | Lair:3   | Gained mutation: You have large cloven feet. [potion of
                  | mutation]
 27614 | Lair:3   | Bought a pair of glowing gloves for 187 gold pieces
 27614 | Lair:3   | Bought a runed cloak for 187 gold pieces
 27642 | Lair:3   | Bought a shiny plate armour for 650 gold pieces
 27825 | Swamp:1  | Got a bloodstained chain mail
 27836 | Swamp:1  | Identified the +8 chain mail of the Realm of Zot {*Contam
                  | Rampage rF+++} (You found it on level 1 of the Swamp)
 27869 | Swamp:1  | Noticed a thorn hunter
 27887 | Swamp:1  | Killed a thorn hunter
 28086 | Swamp:1  | Found a runed translucent door.
 28087 | Swamp:1  | Noticed Ykec Esm's ghost (journeyman DrWn)
 28114 | Swamp:1  | Killed Ykec Esm's ghost
 28123 | Swamp:1  | Got a slimy flail
 28124 | Swamp:1  | Identified the +4 flail of Brutal Revenge {vorpal, rC+}
                  | (You found it on level 1 of the Swamp)
 28949 | Swamp:2  | Got a jewelled great mace
 28954 | Swamp:2  | Identified the +8 great mace "Taext" {vorpal, +Rage Will+}
                  | (You found it on level 2 of the Swamp)
 29058 | Swamp:2  | Found a runed translucent gate.
 29058 | Swamp:2  | Found a runed translucent gate.
 29058 | Swamp:2  | Found a runed translucent gate.
 29058 | Swamp:2  | Noticed xfalz's ghost (journeyman GnSk)
 30065 | Swamp:4  | Entered Level 4 of the Swamp
 30090 | Swamp:4  | Killed a fenstrider witch
 30248 | Swamp:4  | Found a large runed translucent door.
 30248 | Swamp:4  | Found a large runed translucent door.
 30334 | Swamp:4  | Reached XP level 17. HP: 113/133 MP: 17/17
 31381 | Swamp:4  | Noticed Yrroulath's ghost (adept GrBe)
 31512 | Swamp:4  | Killed Yrroulath's ghost
 31535 | Swamp:4  | Got a bloodstained plate armour
 31557 | Swamp:4  | Identified the +0 plate armour "Tuic" {Dex+5} (You found it
                  | on level 4 of the Swamp)
 32062 | Swamp:4  | Got a decaying rune of Zot
 32240 | Swamp:2  | Killed xfalz's ghost
 32461 | Spider:1 | Entered Level 1 of the Spider Nest
 33497 | Spider:2 | Reached XP level 18. HP: 143/143 MP: 18/18
 33599 | Spider:2 | Acquired a manual of Armour
 35899 | Spider:4 | Entered Level 4 of the Spider Nest
 36693 | Spider:4 | Reached XP level 19. HP: 139/149 MP: 1/19
 36856 | Spider:4 | Got a gossamer rune of Zot
 37052 | Lair:1   | Bought a steaming cloak for 313 gold pieces
 37062 | Lair:1   | Identified the +1 cloak of Timuewk {Int+4} (You bought it
                  | in a shop on level 1 of the Lair of Beasts)
 37062 | Lair:1   | Bought a faintly humming cloak for 313 gold pieces
 37080 | Lair:1   | Identified the +2 cloak of Defiance {+Fly rElec rF++ rCorr}
                  | (You bought it in a shop on level 1 of the Lair of Beasts)
 37081 | Lair:1   | Bought the ring "Kummorch" {*Contam rPois rF+ Will+ Str+4}
                  | for 966 gold pieces
 38230 | D:13     | Noticed Kirke
 38233 | D:13     | Killed Kirke
 38951 | D:14     | Acquired 786 gold pieces
 39518 | D:14     | Found a gate to the Vaults.
 39703 | D:15     | Entered Level 15 of the Dungeon
 39853 | D:15     | Found a sacrificial altar of Ru.
 39862 | D:15     | Found Neirho's Book Shoppe.
 40476 | D:15     | Found a staircase to the Depths.
 40550 | Vaults:1 | Entered Level 1 of the Vaults
 41041 | Vaults:1 | Reached XP level 20. HP: 154/157 MP: 20/20
 41827 | Vaults:1 | Noticed Asterion
 41833 | Vaults:1 | Killed Asterion
 42377 | Vaults:2 | Found a staircase to the Crypt.
 42678 | Vaults:2 | Found Syjynt's General Store.
 43077 | Vaults:2 | Noticed Jory
 43090 | Vaults:2 | Killed Jory
 43920 | Vaults:3 | Reached XP level 21. HP: 166/166 MP: 21/21
 44786 | Vaults:3 | You fall into a shaft and drop 1 floor!
 44850 | Vaults:4 | Noticed Sojobo
 44912 | Vaults:4 | You fall into a shaft and drop 1 floor!
 44912 | Vaults:5 | Entered Level 5 of the Vaults
 44932 | Vaults:5 | Noticed Margery
 44939 | Vaults:5 | Killed Margery
 44960 | Vaults:5 | Noticed a golden dragon
 44967 | Vaults:5 | Reached skill level 15 in Fighting
 44971 | Vaults:5 | Noticed Saint Roka
 44972 | Vaults:5 | Killed a golden dragon
 45031 | Vaults:5 | Noticed Xtahua
 45401 | Vaults:5 | Killed Xtahua
 45540 | Vaults:5 | Killed Saint Roka
 45547 | Vaults:5 | Got a silver rune of Zot
 45613 | Vaults:5 | Reached XP level 22. HP: 175/175 MP: 22/22
 45881 | Vaults:5 | Noticed a golden dragon
 45888 | Vaults:5 | Killed a golden dragon
 46119 | Vaults:5 | Identified the +5 whip "Hietea" {drain, rN++}
 46360 | Vaults:5 | Identified the +4 long sword of Intuition {vamp, Will+
                  | Int+5}
 46360 | Vaults:5 | Identified the +7 arbalest of Anger {venom, rElec rPois}
 46959 | Vaults:5 | Identified the +6 war axe "Fuimox" {freeze, rN++ Will+}
 47555 | Vaults:4 | Killed Sojobo
 48015 | Vaults:4 | Found Nosezeoj's Armour Shoppe.
 48400 | Vaults:4 | Reached XP level 23. HP: 184/184 MP: 23/23
 49044 | Depths:1 | Entered Level 1 of the Depths
 49049 | Depths:1 | Noticed Aizul
 49062 | Depths:1 | Killed Aizul
 49177 | Depths:1 | Found a one-way gate to the infinite horrors of the Abyss.
 49195 | Depths:1 | Noticed Louise
 49213 | Depths:1 | Killed Louise
 49308 | Depths:1 | Found a gateway to a ziggurat.
 49352 | Depths:1 | Found a one-way gate leading to the halls of Pandemonium.
 49896 | Depths:1 | Found a gateway to Hell.
 49909 | Depths:1 | Noticed Nikola
 49916 | Depths:1 | Found a sparkling altar of Nemelex Xobeh.
 49917 | Depths:1 | Found Mour's Armour Shop.
 49926 | Depths:1 | Killed Nikola
 50362 | Depths:1 | Bought a potion of heal wounds for 110 gold pieces
 50364 | Depths:1 | Bought a potion of invisibility for 136 gold pieces
 50364 | Depths:1 | Bought a potion of might for 68 gold pieces
 50364 | Depths:1 | Bought a potion of mutation for 136 gold pieces
 50364 | Depths:1 | Bought a potion of heal wounds for 85 gold pieces
 50364 | Depths:1 | Bought a potion of heal wounds for 85 gold pieces
 50368 | Depths:1 | Bought a pair of encrusted boots for 323 gold pieces
 50368 | Depths:1 | Bought a faintly humming kite shield for 323 gold pieces
 50378 | Depths:1 | Identified the +0 pair of boots "Oxeis" {+Blink rElec
                  | Will+} (You bought it in a shop on level 1 of the Depths)
 50390 | Depths:1 | Identified the +2 kite shield of Qizos {-Cast -Tele rF+ rN+
                  | rCorr} (You bought it in a shop on level 1 of the Depths)
 50588 | Lair:2   | Bought the +7 chain mail of Lethargy {rF- rN+++ Str-4} for
                  | 573 gold pieces
 52492 | Depths:3 | Reached XP level 24. HP: 182/195 MP: 23/23
 54414 | Depths:1 | Voluntarily entered the Abyss.
 54447 | Abyss:1  | Found an ancient bone altar of Kikubaaqudgha.
 54814 | Abyss:1  | Found a corrupted altar of Lugonu.
 55427 | Abyss:1  | Reached XP level 25. HP: 203/203 MP: 18/23
 56824 | Abyss:2  | Found a corrupted altar of Lugonu.
 57035 | Abyss:2  | Gained mutation: You are frail. (-10% HP) [a neqoxec]
 57772 | Abyss:2  | Found a viscous altar of Jiyva.
 58507 | Abyss:2  | Reached XP level 26. HP: 152/191 MP: 23/23
 58929 | Abyss:2  | Gained mutation: You occasionally shout uncontrollably at
                  | your foes. [a neqoxec]
 58968 | Abyss:2  | Gained mutation: You are clumsy. (Dex -2) [a cacodemon]
 59060 | Depths:1 | Escaped the Abyss
 59612 | Slime:1  | Entered Level 1 of the Pits of Slime
 59647 | Lair:5   | Fell from the grace of Gozag
 59647 | Lair:5   | Became a worshipper of Jiyva Joasm the Shapeless
 59795 | Lair:5   | Got a scintillating tin ring
 59798 | Lair:5   | Identified the ring "Naif Ughouda" {rN+ Will+ AC+4 Stlth+}
                  | (You found it on level 5 of the Lair of Beasts)
 60271 | Lair:5   | Reached * piety under Jiyva
 60624 | Vaults:5 | Reached ** piety under Jiyva
 60631 | Vaults:5 | Reached *** piety under Jiyva
 60633 | Vaults:5 | Lost mutation: You are clumsy. (Dex -2) [Jiyva's grace]
 60635 | Vaults:5 | Reached **** piety under Jiyva
 60635 | Vaults:5 | Lost mutation: You are frail. (-10% HP) [Jiyva's grace]
 60639 | Vaults:5 | Reached ***** piety under Jiyva
 60640 | Vaults:5 | Lost mutation: Scrolls take you a little longer to read.
                  | [Jiyva's grace]
 60644 | Vaults:5 | Lost mutation: You frequently scream uncontrollably at your
                  | foes. [Jiyva's grace]
 60648 | Vaults:5 | Lost mutation: You have large cloven feet. [Jiyva's grace]
 60649 | Vaults:5 | Reached ****** piety under Jiyva
 60652 | Vaults:5 | Gained mutation: You are somewhat resistant to further
                  | mutation. [Jiyva's grace]
 60655 | Vaults:5 | Lost mutation: You are somewhat resistant to further
                  | mutation. [potion of mutation]
 60655 | Vaults:5 | Gained mutation: You are frail. (-10% HP) [potion of
                  | mutation]
 60655 | Vaults:5 | Lost mutation: You are frail. (-10% HP) [potion of
                  | mutation]
 60655 | Vaults:5 | Gained mutation: Your flesh is heat resistant. (rF+)
                  | [potion of mutation]
 60656 | Vaults:5 | Lost mutation: Your movements are slightly less encumbered
                  | by armour. (ER -2) [potion of mutation]
 60656 | Vaults:5 | Lost mutation: Your flesh is heat resistant. (rF+) [potion
                  | of mutation]
 60656 | Vaults:5 | Gained mutation: You do not regenerate when monsters are
                  | visible. [potion of mutation]
 60656 | Vaults:5 | Gained mutation: Your muscles are strong. (Str +2) [potion
                  | of mutation]
 60657 | Vaults:5 | Lost mutation: Your muscles are strong. (Str +2) [potion of
                  | mutation]
 60657 | Vaults:5 | Lost mutation: You do not regenerate when monsters are
                  | visible. [potion of mutation]
 60657 | Vaults:5 | Gained mutation: Your flesh is cold resistant. (rC+)
                  | [potion of mutation]
 60657 | Vaults:5 | Gained mutation: You frequently scream uncontrollably at
                  | your foes. [potion of mutation]
 60657 | Vaults:5 | Gained mutation: You are partially covered in yellow
                  | scales. (AC +2) [potion of mutation]
 60660 | Vaults:5 | Lost mutation: You frequently scream uncontrollably at your
                  | foes. [Jiyva's power]
 60660 | Vaults:5 | Gained mutation: You have sharp toenails. [Jiyva's grace]
 60662 | Vaults:5 | Lost mutation: You have sharp toenails. [Jiyva's grace]
 60694 | Vaults:5 | Gained mutation: You are partially covered in slimy green
                  | scales. (AC +2) [Jiyva's grace]
 60769 | Vaults:5 | Gained mutation: You have large cloven feet. [Jiyva's
                  | grace]
 60867 | Vaults:3 | Lost mutation: You have large cloven feet. [Jiyva's grace]
 60897 | Vaults:3 | You fall into a shaft and drop 1 floor!
 61178 | Depths:4 | Found Ceodotoq's Magic Scroll Shop.
 61210 | Depths:4 | Gained mutation: You are agile. (Dex +2) [Jiyva's grace]
 61305 | Depths:4 | Found a runed translucent door.
 61305 | Depths:4 | Noticed Pikuto's ghost (adept MiBe)
 61452 | Depths:4 | Gained mutation: You have sharp fingernails. [Jiyva's
                  | grace]
 61777 | Depths:4 | Gained mutation: You are covered in slimy tendrils that may
                  | disarm your opponents. [Jiyva's grace]
 62189 | Depths:4 | Killed Pikuto's ghost
 62332 | Depths:4 | Found a runed translucent door.
 62335 | Depths:4 | Noticed Himmaryad's ghost (adept TrMo)
 62368 | Depths:4 | Killed Himmaryad's ghost
 62371 | Depths:4 | Found a runed translucent door.
 62374 | Depths:4 | Noticed Seileci's ghost (adept TrMo)
 62377 | Depths:4 | Lost mutation: You are partially covered in yellow scales.
                  | (AC +2) [Jiyva's grace]
 62393 | Depths:4 | Killed Seileci's ghost
 62425 | Depths:4 | Got a vibrating golden ring
 63983 | D:3      | Gained mutation: Your spells are a little harder to cast,
                  | but a little more powerful. [Jiyva's grace]
 65304 | D:5      | Gained mutation: You have a small jelly attached to you
                  | that may absorb incoming projectiles. [Jiyva's grace]
 66496 | D:9      | Lost mutation: You have a small jelly attached to you that
                  | may absorb incoming projectiles. [Jiyva's grace]
 67236 | Depths:3 | Gained mutation: You have large cloven feet. [Jiyva's
                  | grace]
 67247 | Depths:3 | Gained mutation: You are resistant to electric shocks.
                  | (rElec) [Jiyva's grace]
 67275 | Depths:5 | Entered Level 5 of the Depths
 67869 | Depths:5 | Reached XP level 27. HP: 178/224 MP: 23/23
 67919 | Depths:5 | Lost mutation: You have large cloven feet. [Jiyva's grace]
 67988 | Depths:5 | Lost mutation: You are agile. (Dex +2) [Jiyva's grace]
 68173 | Depths:5 | Found a snail-covered altar of Cheibriados.
 68225 | Depths:5 | Lost mutation: You are resistant to electric shocks.
                  | (rElec) [Jiyva's grace]
 68293 | Depths:5 | Gained mutation: You are partially covered in yellow
                  | scales. (AC +2) [Jiyva's grace]
 68361 | Depths:5 | Found a gate to the Realm of Zot.
 68391 | Depths:5 | Lost mutation: Your spells are a little harder to cast, but
                  | a little more powerful. [Jiyva's grace]
 68665 | Depths:5 | Voluntarily entered the Abyss.
 68737 | Abyss:1  | Identified the ring of Yqoump {rN+ MP+9 Str+4 Dex-2} (You
                  | found it on level 4 of the Depths)
 68753 | Abyss:1  | Gained mutation: Your spells are a little easier to cast,
                  | but a little less powerful. [mutagenic glow]
 68774 | Abyss:1  | Lost mutation: Your spells are a little easier to cast, but
                  | a little less powerful. [Jiyva's power]
 69583 | Abyss:1  | Reached skill level 27 in Axes
 69804 | Abyss:1  | Gained mutation: Your flesh is heat resistant. (rF+)
                  | [Jiyva's grace]
 69882 | Abyss:1  | Found a corrupted altar of Lugonu.
 70235 | Abyss:1  | Gained mutation: Your body has grown golden eyes which may
                  | confuse attackers. (Acc +3) [Jiyva's grace]
 70662 | Depths:5 | Escaped the Abyss
 70841 | Depths:5 | Gained mutation: You are partially covered in thin metallic
                  | scales. (AC +2) [Jiyva's grace]
 70954 | Depths:5 | Voluntarily entered the Abyss.
 70976 | Abyss:1  | Found a snail-covered altar of Cheibriados.
 71084 | Abyss:1  | Found a snail-covered altar of Cheibriados.
 71226 | Abyss:1  | Was forgiven by Gozag
 71421 | Abyss:1  | Found a corrupted altar of Lugonu.
 71421 | Abyss:1  | Found a corrupted altar of Lugonu.
 72031 | Abyss:1  | Found a corrupted altar of Lugonu.
 72452 | Abyss:1  | Lost mutation: Your flesh is cold resistant. (rC+) [Jiyva's
                  | grace]
 72860 | Abyss:1  | Got a scintillating lead ring
 73773 | Abyss:1  | Lost mutation: Your flesh is heat resistant. (rF+) [Jiyva's
                  | grace]
 74060 | Abyss:1  | Gained mutation: Your mind is acute. (Int +2) [Jiyva's
                  | grace]
 74193 | Abyss:1  | Lost mutation: Your mind is acute. (Int +2) [a neqoxec]
 74195 | Abyss:1  | Gained mutation: Your spells are a little harder to cast,
                  | but a little more powerful. [a neqoxec]
 74320 | Abyss:1  | Found a snail-covered altar of Cheibriados.
 75370 | Abyss:2  | Gained mutation: Armour fits poorly on your pseudopods.
                  | [Jiyva's grace]
 75606 | Abyss:2  | Noticed an ancient lich
 75615 | Abyss:2  | Killed an ancient lich
 75758 | Abyss:2  | Gained mutation: You occasionally shout uncontrollably at
                  | your foes. [a neqoxec]
 76861 | Abyss:2  | Lost mutation: You occasionally shout uncontrollably at
                  | your foes. [Jiyva's power]
 77108 | Abyss:2  | Gained mutation: Your mind is acute. (Int +2) [Jiyva's
                  | grace]
 77358 | Abyss:2  | Gained mutation: You are clumsy. (Dex -2) [a neqoxec]
 77372 | Abyss:2  | Found a basalt altar of Yredelemnul.
 77433 | Abyss:2  | Found a corrupted altar of Lugonu.
 77800 | Abyss:2  | Reached skill level 27 in Shields
 78920 | Abyss:2  | Lost mutation: Your spells are a little harder to cast, but
                  | a little more powerful. [a neqoxec]
 79138 | Abyss:2  | Gained mutation: You have a small jelly attached to you
                  | that senses nearby items. [Jiyva's grace]
 80045 | Abyss:2  | Lost mutation: You are partially covered in slimy green
                  | scales. (AC +2) [Jiyva's grace]
 80081 | Abyss:2  | Found a shadowy altar of Dithmenos.
 80620 | Abyss:2  | HP: 6/172 [smoke demon/divine providence (11)]
 80777 | Abyss:2  | Lost mutation: You are clumsy. (Dex -2) [Jiyva's power]
 81529 | Abyss:3  | Found a snail-covered altar of Cheibriados.
 81573 | Abyss:3  | Found a corrupted altar of Lugonu.
 81724 | Abyss:3  | Found a corrupted altar of Lugonu.
 81812 | Abyss:3  | Found a shimmering altar of Xom.
 81813 | Abyss:3  | Found a shimmering altar of Xom.
 81813 | Abyss:3  | Found a shimmering altar of Xom.
 81813 | Abyss:3  | Found a shimmering altar of Xom.
 81815 | Abyss:3  | Found a corrupted altar of Lugonu.
 81815 | Abyss:3  | Found a shimmering altar of Xom.
 81817 | Abyss:3  | Found a shimmering altar of Xom.
 81829 | Abyss:3  | Found a shimmering altar of Xom.
 81829 | Abyss:3  | Found a shimmering altar of Xom.
 81829 | Abyss:3  | Found a shimmering altar of Xom.
 81829 | Abyss:3  | Found a shimmering altar of Xom.
 81839 | Abyss:3  | Found a shimmering altar of Xom.
 81906 | Abyss:3  | Found a shimmering altar of Xom.
 81908 | Abyss:3  | Found a shimmering altar of Xom.
 81914 | Abyss:3  | Found a shimmering altar of Xom.
 81915 | Abyss:3  | Found a shimmering altar of Xom.
 81915 | Abyss:3  | Found a shimmering altar of Xom.
 81917 | Depths:5 | Escaped the Abyss
 81968 | Depths:3 | Lost mutation: Your mind is acute. (Int +2) [Jiyva's grace]
 82258 | Orc:2    | Lost mutation: Your body has grown golden eyes which may
                  | confuse attackers. (Acc +3) [Jiyva's grace]
 82263 | Elf:1    | Entered Level 1 of the Elven Halls
 82365 | Elf:1    | Found a transporter.
 82366 | Elf:1    | Noticed Jorgrun
 82377 | Elf:1    | Killed Jorgrun
 82378 | Elf:1    | Reached skill level 27 in Fighting
 82417 | Elf:1    | Noticed Puq Cuid's ghost (adept KoAK)
 82445 | Elf:1    | Found a transporter.
 82597 | Elf:1    | Gained mutation: You are robust. (+10% HP) [Jiyva's grace]
 82697 | Elf:1    | Lost mutation: You have sharp fingernails. [Jiyva's grace]
 82923 | Elf:1    | Gained mutation: You are weak. (Str -2) [Jiyva's grace]
 82940 | Elf:1    | Gained mutation: Your flesh is heat resistant. (rF+)
                  | [Jiyva's grace]
 83154 | Elf:1    | Lost mutation: Your flesh is heat resistant. (rF+) [Jiyva's
                  | grace]
 83196 | Elf:1    | Identified the +11 scimitar of Action {distort, rC+ Str+2}
 83428 | Elf:1    | Killed Puq Cuid's ghost
 83546 | Elf:1    | Lost mutation: You are weak. (Str -2) [Jiyva's power]
 83621 | Elf:2    | Found a shimmering blue altar of Sif Muna.
 83679 | Elf:2    | Identified Roxanne's Guide on the Mountains
 83679 | Elf:2    | Noticed Roxanne
 83689 | Elf:2    | Killed Roxanne
 83948 | Elf:2    | Found a runed translucent door.
 83971 | Elf:2    | Found a runed translucent door.
 83977 | Elf:2    | Gained mutation: You are somewhat resistant to further
                  | mutation. [Jiyva's grace]
 84353 | Elf:2    | Lost mutation: You are covered in slimy tendrils that may
                  | disarm your opponents. [Jiyva's grace]
 84410 | Elf:2    | Gained mutation: You have acidic saliva. [Jiyva's grace]
 84455 | Elf:2    | Lost mutation: You are robust. (+10% HP) [Jiyva's grace]
 84558 | Elf:3    | Entered Level 3 of the Elven Halls
 84594 | Elf:3    | Gained mutation: Your system is resistant to poisons.
                  | (rPois) [Jiyva's grace]
 84856 | Elf:3    | Identified the +9 mace of Maugritz {holy, +Rage rElec rPois
                  | rC++}
 84879 | Elf:3    | Reached skill level 27 in Armour
 84883 | Elf:3    | Identified the +9 hand axe of the Depths {vorpal, Str+4}
 84935 | Elf:3    | Lost mutation: You have acidic saliva. [Jiyva's grace]
 84946 | Elf:3    | Gained mutation: Your natural rate of healing is unusually
                  | fast. [Jiyva's grace]
 84951 | Elf:3    | Gained mutation: You expend magic power (3 MP) to
                  | strengthen your wands. [Jiyva's grace]
 84966 | Elf:3    | Gained mutation: Your movements are slightly less
                  | encumbered by armour. (ER -2) [Jiyva's grace]
 84995 | Elf:3    | Found the +3 salamander hide armour {Flames rF++ rC--}
 85012 | Elf:3    | Identified the Volume of the Venomous Mountains
 85027 | Elf:3    | Got a slimy amber ring
 85028 | Elf:3    | Identified the ring "Tiuprac" {Wiz rF+} (You found it on
                  | level 1 of the Abyss)
 85029 | Elf:3    | Lost mutation: You are partially covered in thin metallic
                  | scales. (AC +2) [Jiyva's grace]
 85031 | Elf:3    | Identified the ring of Qime Diatyhe {*Tele +Fly rF+ Will+
                  | Int-5} (You found it on level 3 of the Elven Halls)
 85044 | Elf:3    | Lost mutation: You are partially covered in yellow scales.
                  | (AC +2) [Jiyva's grace]
 85090 | Elf:3    | Got a transparent copper amulet
 85096 | Elf:3    | Gained mutation: Your rubbery body absorbs attacks. (AC +1,
                  | EV +1) [Jiyva's grace]
 85115 | Elf:3    | Identified the +7 mace of Sloth {freeze, rPois rN+ Will+
                  | Dex-5}
 85319 | Elf:3    | Reached skill level 1 in Earth Magic
 85321 | Elf:3    | Lost mutation: Your system is resistant to poisons. (rPois)
                  | [Jiyva's grace]
 85535 | Elf:3    | Reached skill level 1 in Poison Magic
 85574 | Elf:3    | Found Otzamm's Antique Weapon Shop.
 85703 | Elf:3    | Reached skill level 1 in Hexes
 85868 | D:10     | Gained mutation: Armour fits poorly on your large
                  | pseudopods. [Jiyva's grace]
 86019 | Depths:1 | Gained mutation: You have large cloven feet. [Jiyva's
                  | grace]
 86028 | Depths:1 | Lost mutation: You are somewhat resistant to further
                  | mutation. [Jiyva's grace]
 86075 | Depths:3 | Lost mutation: You expend magic power (3 MP) to strengthen
                  | your wands. [Jiyva's grace]
 86117 | Zot:1    | Entered Level 1 of the Realm of Zot
 86124 | Zot:1    | Reached skill level 1 in Spellcasting
 86147 | Zot:1    | Reached skill level 5 in Spellcasting
 86522 | Zot:1    | Noticed an orb of fire
 86522 | Zot:1    | Noticed an orb of fire
 86522 | Zot:1    | Noticed an orb of fire
 86529 | Zot:1    | Gained mutation: You are weak. (Str -2) [an orb of fire]
 86529 | Zot:1    | Gained mutation: Scrolls take you a little longer to read.
                  | [an orb of fire]
 86530 | Zot:1    | Gained mutation: Armour fits poorly on your strangely
                  | shaped body. [an orb of fire]
 86531 | Zot:1    | Gained mutation: You occasionally shout uncontrollably at
                  | your foes. [an orb of fire]
 86532 | Zot:1    | Lost mutation: Your natural rate of healing is unusually
                  | fast. [an orb of fire]
 86537 | Zot:1    | Killed an orb of fire
 86541 | Zot:1    | Gained mutation: You sometimes yell uncontrollably at your
                  | foes. [an orb of fire]
 86545 | Zot:1    | Killed an orb of fire
 86554 | Zot:1    | Lost mutation: Scrolls take you a little longer to read.
                  | [Jiyva's grace]
 86556 | Zot:1    | Gained mutation: You are clumsy. (Dex -2) [an orb of fire]
 86564 | Zot:1    | Gained mutation: You are frail. (-10% HP) [an orb of fire]
 86565 | Zot:1    | Gained mutation: Your spells are a little easier to cast,
                  | but a little less powerful. [an orb of fire]
 86568 | Zot:1    | Killed an orb of fire
 86569 | Zot:1    | Reached skill level 10 in Spellcasting
 87242 | Zot:1    | Gained mutation: You expend magic power (3 MP) to
                  | strengthen your wands. [Jiyva's grace]
 87251 | Zot:1    | Lost mutation: Armour fits poorly on your strangely shaped
                  | body. [Jiyva's grace]
 87252 | Zot:1    | Lost mutation: You are weak. (Str -2) [Jiyva's power]
 87253 | Zot:1    | Lost mutation: You are frail. (-10% HP) [Jiyva's power]
 87254 | Zot:1    | Lost mutation: Your spells are a little easier to cast, but
                  | a little less powerful. [Jiyva's power]
 87254 | Zot:1    | Gained mutation: You are partially covered in icy blue
                  | scales. (AC +2) [Jiyva's grace]
 87256 | Zot:1    | Lost mutation: You are clumsy. (Dex -2) [Jiyva's power]
 87758 | Zot:1    | Found a runed translucent door.
 87759 | Zot:1    | Noticed Beuseq's ghost (master GnFi)
 87838 | Zot:1    | Killed Beuseq's ghost
 87978 | Zot:1    | Gained mutation: Your mind is acute. (Int +2) [Jiyva's
                  | grace]
 88399 | Zot:2    | Reached skill level 15 in Spellcasting
 88544 | Zot:2    | Noticed a Killer Klown
 88548 | Zot:2    | Killed a Killer Klown
 88668 | Zot:2    | Lost mutation: Your mind is acute. (Int +2) [Jiyva's grace]
 88763 | Zot:2    | Lost mutation: Your movements are slightly less encumbered
                  | by armour. (ER -2) [Jiyva's grace]
 88951 | Zot:2    | Gained mutation: Your system is resistant to poisons.
                  | (rPois) [Jiyva's grace]
 89101 | Zot:2    | Lost mutation: You sometimes yell uncontrollably at your
                  | foes. [Jiyva's grace]
 89592 | Zot:3    | Lost mutation: You occasionally shout uncontrollably at
                  | your foes. [Jiyva's grace]
 89923 | Zot:3    | Gained mutation: Your body has grown golden eyes which may
                  | confuse attackers. (Acc +3) [Jiyva's grace]
 90386 | Zot:3    | Lost mutation: You are partially covered in icy blue
                  | scales. (AC +2) [Jiyva's grace]
 90883 | Zot:4    | Gained mutation: You are partially covered in large bone
                  | plates. (SH +4) [Jiyva's grace]
 91041 | Zot:4    | Gained mutation: You are strong-willed. (Will+) [Jiyva's
                  | grace]
 91048 | Zot:4    | Lost mutation: You are partially covered in large bone
                  | plates. (SH +4) [Jiyva's grace]
 91052 | Zot:4    | Gained mutation: Armour fits poorly on your massive
                  | pseudopods. [Jiyva's grace]
 91617 | Zot:4    | Gained mutation: You are agile. (Dex +2) [Jiyva's grace]
 91643 | Zot:5    | Entered Level 5 of the Realm of Zot
 92035 | Zot:5    | Noticed an orb of fire
 92036 | Zot:5    | Noticed an orb of fire
 92037 | Zot:5    | Noticed an orb of fire
 92038 | Zot:5    | Gained mutation: Scrolls take you a little longer to read.
                  | [an orb of fire]
 92041 | Zot:5    | Noticed an ancient lich
 92042 | Zot:5    | Noticed an ancient lich
 92043 | Zot:5    | Noticed an ancient lich
 92046 | Zot:5    | Noticed a Killer Klown
 92052 | Zot:5    | Noticed an orb of fire
 92054 | Zot:5    | Noticed a Killer Klown
 92056 | Zot:5    | Noticed a Killer Klown
 92057 | Zot:5    | HP: 5/249 [Orb Guardian (20)]
 92057 | Zot:5    | Noticed a Killer Klown
 92058 | Zot:5    | Slain by an Orb Guardian

Illustrated notes

Levels and vault maps discovered:
D:1:      minmay_arrival_loop, layout_loops_ring, serial_forest,
          infiniplex_forest_straight_2, infiniplex_forest_clump_small,
          infiniplex_forest_join, infiniplex_forest_3_way,
          infiniplex_forest_clump_long, infiniplex_forest_lined_4_way,
          infiniplex_forest_side_room, infiniplex_forest_clump_medium,
          chequers_serial_rivers_small_a
D:2:      layout_basic, lemuel_flame_loot_1
D:3:      layout_basic
D:4:      layout_cave_pools, minmay_temple_entry_glassed_door,
          ebering_ghost_reflecting_pool, uniq_robin, uniq_edmund, uniq_pikel
D:5:      layout_basic, lightli_ossuary_entry_decrepit_ruins, minivault_24,
          nicolae_ashenzari_panopticon
D:6:      minmay_opposing_rooms, layout_loops_corners, elyvilon_altar_1,
          serial_shops, nicolae_shop_trees, uniq_prince_ribbit1
D:7:      layout_loops_cross, nrook_mini_vaults, minmay_chambers_of_fives
D:8:      layout_loops_cross, minmay_between
D:9:      layout_loops_ring
D:10:     layout_roguey, david_orc_4, minivault_16, kennysheep_decorative_pillar
D:11:     layout_basic, lair_entry_dummy, serial_shops,
          nicolae_shop_temple_entry_statues_fountains, shop_scrolls,
          special_room [special_room_orc], uniq_snorg
D:12:     layout_stronghold
D:13:     layout_grid_maze, special_room [special_room_orc], uniq_kirke
D:14:     layout_rooms, hangedman_vaults_entry_quadrant_bands,
          serial_bayou_pond_b
D:15:     gammafunk_enter_depths_forms, layout_irregular_city, serial_shops,
          shop, hangedman_ru_absence
Temple:   grunt_wide_crystal_templ
Lair:1:   layout_gridlike, portal_ice_cave_entry_pillars_2
Lair:2:   layout_roguey, spider_nest_entry_web_field, ebering_ghost_rock_garden,
          infiniplex_staircase_pool_2
Lair:3:   layout_layer_cave, nicolae_swamp_entry_splash_gauntlet,
          grunt_megastairs_2, minmay_lair_oklob_chamber
Lair:4:   layout_cave_pods, beast_lair_carwin_8, lemuel_fruit_fields,
          infiniplex_staircase_pool
Lair:5:   gammafunk_cloud_chamber, layout_regular_city,
          dpeg_slime_entry_enclosed_altar, minivault_24, bobbens_ice_dragon_lair
Lair:6:   hangedman_lair_in_review, layout_concentric_octagons, wormcave,
          serial_bayou, serial_bayou_shore_b, minivault_27, hibernation_bobbens,
          lemuel_fruit_tree
Swamp:1:  layout_falls_marsh, ebering_ghost_inner_flame,
          nicolae_swamp_very_dense_foliage
Swamp:2:  layout_basic_swamp, gammafunk_ghost_necromancy,
          hangedman_swamp_ruin_wall
Swamp:3:  layout_falls_marsh, serial_swamp_ruin, evilmike_swamp_ruin_house_3,
          evilmike_swamp_ruin_house_2, swamp_pool5
Swamp:4:  swamp_icy, layout_basic_swamp, ebering_ghost_disaster_area
Spider:1: layout_spider_delve, guppyfry_spider_mini_3
Spider:2: layout_spider_delve, nicolae_spider_nook
Spider:3: lemuel_spider_zombies, nicolae_orb_island
Spider:4: grunt_spider_rune_circles
Slime:1:  layout_caves, cheibrodos_slime_lost_civilization_6
Orc:1:    layout_caves, serial_shops, shop
Orc:2:    kennysheep_orc_mage_school, layout_caves, basic_altar
Elf:1:    layout_geoelf_grid, gammafunk_ghost_abyssal_escape,
          hangedman_elf_represent, uniq_jorgrun
Elf:2:    layout_geoelf_grid, basic_altar, nicolae_elf_big_sculpture_3,
          uniq_roxanne
Elf:3:    minmay_elf_hall_furrowed, layout_geoelf_diagonals, serial_shops, shop,
          corner_web_ring, drop_trap, moated_statue, lemuel_flamethrower_hall
Vaults:1: v_rooms_3, nicolae_vaults_network_square, grunt_vaults_funnel,
          nicolae_vaults_little_squares_6, v_misc_10, hangedman_vaults_slice,
          nicolae_vaults_little_squares_3, v_misc_18, nicolae_vaults_rhombus_6,
          ontoclasm_vaults_shout, ontoclasm_vaults_ring_small,
          ontoclasm_vaults_fault, vaults_room_semicircle,
          ontoclasm_vaults_shuriken, layout_vaults_omnicross, uniq_asterion
Vaults:2: nicolae_vaults_asterisk, nicolae_vaults_arrows,
          nicolae_vaults_what_the_h, nicolae_vaults_diagonal_hallway_8,
          nicolae_vaults_statue_guard, vaults_dpeg_ring,
          layout_vaults_quadrants, minmay_crypt_entry_simple_corners,
          serial_shops, nicolae_shop_behind_doors, uniq_jory
Vaults:3: hangedman_vaults_slice, v_misc_18, v_alt_pattern_2,
          nicolae_vaults_ring_of_whatevers, nicolae_vaults_border_crossing,
          nicolae_vaults_three_branches, vaults_room_pools,
          ontoclasm_vaults_gateway, layout_vaults_big_room
Vaults:4: grunt_vaults_hallway_short, hangedman_vaults_cutoff, serial_ice_h,
          v_pattern_3, vaults_room_door_hall, v_misc_4,
          grunt_vaults_hallway_short, vaults_standard_mumra_lines,
          vaults_dpeg_diagonal, v_rooms_1, v_alt_pattern_3, v_misc_15,
          layout_vaults_omnibox, serial_shops, shop_statue, uniq_sojobo
Vaults:5: uniq_margery, uniq_saint_roka, uniq_xtahua
Depths:1: layout_twisted_cross, enter_ziggurat_a, rand_demon_pan_entry_8,
          serial_shops, shop, hell_entry,
          nicolae_abyss_entry_one_way_or_another, minivault_16,
          minmay_misc_feat_rugged, drop_trap, minmay_misc_feat_plants,
          minmay_misc_feat_cross, nemelex_xobeh_ov_fountains_minmay,
          serial_bayou_shore_b, serial_bayou_shore_a, uniq_nikola, uniq_aizul
Depths:2: minmay_mutant_horseshoe, layout_basic, pf_hell_entry_great_geh,
          hangedman_abyss_or_decor_clamps, infiniplex_staircase_pillars_1,
          serial_bayou_shore_b
Depths:3: minmay_the_grid_four_pointed_star [minmay_the_grid_triangle_9x9_empty,
          minmay_the_grid_triangle_9x9_corruption,
          minmay_the_grid_triangle_9x9_intruding_spiral,
          minmay_the_grid_triangle_9x9_sparse_checkered,
          minmay_the_grid_prize_big_room], layout_cave_pools,
          grunt_mini_vestibule, rand_demon_pan_entry_3
Depths:4: kennysheep_cluttered_fort, layout_small_grid, serial_shops,
          shop_fountains, hell_entry, abyss_entry,
          chequers_serial_rivers_large_b, muffindrake_ghost_three_little_ghosts,
          serial_sigils_hangedman_scar, minmay_staircase_windowed_small
Depths:5: grunt_zot_entry_bicorn, layout_gridlike, hell_entry,
          cheibriados_altar_1, abyss_entry_crystal, grunt_megastairs_1
Zot:1:    grunt_deathspiral_small, layout_onion_interference,
          ebering_ghost_reflecting_pool, lemuel_lake_of_fire
Zot:2:    layout_gridlike, st_large_dragon_hoard_3
Zot:3:    grunt_twist_and_shout, layout_onion_interference
Zot:4:    lemuel_halls_of_wrath, layout_basic, drop_trap, grunt_ministairs_9,
          zot_minivault_1
Zot:5:    layout_gridlike, bh_zot_lava_cross, st_stairs_2, grunt_ministairs_1

Skill      XL: |  1  2  3  4  5  6  7  8  9 10 11 12 13 14 15 16 17 18 19 20 21 22 23 24 25 26 27 |
---------------+----------------------------------------------------------------------------------+-----
Shields        | 4 5 6 7 10 12 13 14 15 17 18 19 20 21 22 27 | 27.0
Axes           | 3 4 5 7 8 9 11 14 15 16 17 18 19 20 21 23 24 25 26 27 | 27.0
Fighting       | 4 5 6 8 9 10 11 12 13 14 15 16 17 18 20 27 | 27.0
Armour         | 4 5 7 8 9 10 16 17 22 23 27 | 27.0
Earth Magic    | 1 |  1.0
Poison Magic   | 1 |  1.0
Hexes          | 1 |  1.0
Spellcasting   | 21 | 21.7
Short Blades   | |  0.7
Long Blades    | |  0.8
Staves         | |  0.5
Slings         | |  0.6
Bows           | |  0.3
Crossbows      | |  0.6
Conjurations   | |  0.4
Summonings     | |  0.8
Necromancy     | |  0.8
Translocations | |  0.5
Transmutations | |  0.7
Fire Magic     | |  0.5
Ice Magic      | |  0.6
Air Magic      | |  0.4
Invocations    | |  0.9
Evocations     | |  0.6

Action                   |  1- 3 |  4- 6 |  7- 9 | 10-12 | 13-15 | 16-18 | 19-21 | 22-24 | 25-27 || total
-------------------------+-------+-------+-------+-------+-------+-------+-------+-------+-------++-------
Melee: War axe           |    74 |   137 |   226 |       |       |       |       |       |       ||   437
       Dire flail        |       |       |   114 |   460 |    68 |     3 |       |       |       ||   645
       Battleaxe         |       |       |    23 |       |       |       |       |       |       ||    23
       Executioner's axe |       |       |       |   243 |   588 |   935 |  1006 |   974 |  5027 ||  8773
       Great mace        |       |       |       |       |       |     4 |     4 |       |       ||     8
       Pseudopods        |       |       |       |       |       |       |       |       |   669 ||   669
       Bite              |       |       |       |       |       |       |       |       |    14 ||    14
Invok: Call Merchant     |       |       |       |     1 |     1 |     2 |     2 |     3 |       ||     9
       Potion Petition   |       |       |       |       |       |       |     2 |       |       ||     2
       Bribe Branch      |       |       |       |       |       |       |     1 |       |       ||     1
       Request Jelly     |       |       |       |       |       |       |       |       |     9 ||     9
       Cure Bad Mutation |       |       |       |       |       |       |       |       |    18 ||    18
 Abil: Dig               |       |       |     2 |     2 |       |     4 |     1 |       |     9 ||    18
       Shaft Self        |       |       |       |       |       |       |     2 |       |       ||     2
       Evoke Flight      |       |       |       |       |       |       |       |       |     3 ||     3
Evoke: Wand              |       |       |       |     9 |       |       |       |       |       ||     9
  Use: Potion            |       |     1 |     1 |       |     1 |     3 |     9 |       |    16 ||    31
       Scroll            |       |       |    19 |    13 |     5 |     9 |     6 |     6 |    16 ||    74
 Stab: Distracted        |       |       |     2 |     1 |     3 |    10 |    15 |    17 |    21 ||    69
       Invisible         |       |       |       |       |       |       |     5 |       |     7 ||    12
       Confused          |       |       |       |       |       |       |       |       |    13 ||    13
Armor: Scale mail        |    35 |    63 |    27 |       |       |       |       |       |       ||   125
       Chain mail        |       |       |   104 |   129 |       |   361 |   242 |   220 |   214 ||  1270
       Plate armour      |       |       |       |    93 |   246 |    17 |       |       |       ||   356
       Skin              |       |       |       |     1 |       |       |       |       |       ||     1
       Gold dragon scale |       |       |       |       |       |       |       |       |   828 ||   828
Dodge: Dodged            |    26 |    44 |    99 |   128 |   108 |   182 |   128 |   125 |   414 ||  1254
Block: Kite shield       |    43 |    62 |   205 |     4 |       |       |       |       |       ||   314
       Tower shield      |       |       |       |   824 |   841 |  1264 |  1060 |   888 |  4317 ||  9194
       Reflection        |       |       |       |    14 |    23 |    20 |    78 |    96 |   197 ||   428
